 Dungeon Crawl Stone Soup version 0.28.0-43-g3370ac3207 (webtiles) character file.

Game seed: 1762860800210559685

179 Zeld the Magician (level 5, -1/28 HPs)
             Began as a Deep Elf Fire Elementalist on Mar 15, 2022.
             Slain by an orc priest
             ... wielding a +0 short sword
              (4 damage)
             ... on level 4 of the Dungeon.
             The game lasted 00:02:35 (4036 turns).

Zeld the Magician (Deep Elf Fire Elementalist)      Turns: 4036, Time: 00:02:35

Health: -1/28      AC:  2    Str:  5    XL:     5   Next: 33%
Magic:  10/14      EV: 13    Int: 22    God:
Gold:   95         SH:  0    Dex: 15    Spells: 6/13 levels left

rFire   . . .      SeeInvis .   (no weapon)
rCold   . . .      Faith    .   (no shield)
rNeg    . . .      Spirit   .   a - +0 robe
rPois   .          Reflect  .   (no helmet)
rElec   .          Harm     .   (no cloak)
rCorr   .          Rampage  .   (no gloves)
Will    .....                   (no boots)
Stlth   ++........              (no amulet)
HPRegen 0.09/turn               (no ring)
MPRegen 0.14/turn               (no ring)

@: no status effects
A: no striking features
a: no special abilities


You were on level 4 of the Dungeon.
You visited 1 branch of the dungeon, and saw 4 of its levels.

You collected 95 gold pieces.

Inventory:

Armour
 a - a +0 robe (worn)
Wands
 g - a wand of flame (18)
Scrolls
 c - a scroll of fear {unknown}
 d - a scroll of magic mapping {unknown}
 f - 4 scrolls of enchant weapon {unknown}
 h - a scroll of teleportation {unknown}
Potions
 b - 2 potions of haste {unknown}
 e - a potion of might {unknown}
 i - a potion of curing {unknown}
 j - 2 potions of ambrosia {unknown}


   Skills:
 + Level 3.2 Dodging
 + Level 3.4 Stealth
 * Level 4.7 Spellcasting
 + Level 2.3 Conjurations
 * Level 4.6 Fire Magic


You had 6 spell levels left.
You knew the following spells:

 Your Spells              Type           Power      Damage    Failure   Level
a - Foxfire               Conj/Fire      80%        2x1d8     2%          1
b - Scorch                Fire           50%        2d8       2%          2
c - Flame Wave            Conj/Fire      20%        2d7       26%         4

Your spell library contained the following spells:

 Spells                   Type           Power      Damage    Failure   Level
 Conjure Flame            Conj/Fire      20%        6-21      8%          3
 Inner Flame              Hex/Fire       15%        N/A       12%         3


Dungeon Overview and Level Annotations

Branches:
Dungeon (4/15)
 Temple: D:4-7

Altars:
Nemelex Xobeh


Message History

Confirm with . or Enter, or press ? or * to list all spells.
You can't see any susceptible monsters within range! (Use Z to cast anyway.)
Casting: Scorch (safe; 2% risk of failure)
Confirm with . or Enter, or press ? or * to list all spells.
You can't see any susceptible monsters within range! (Use Z to cast anyway.)
Something bites the plant.
A nearby plant withers and dies.
Magic restored.
HP restored.
You enter the shallow water.
Moving in this stuff is going to be slow.
Things that are here:
a +0 club; 3 poisoned darts You see here a +0 club.
There is a stone staircase leading up, spattered with blood here.
Things that are here:
a +0 club; an orc corpse An orc comes into view.
It is wielding a +0 dagger.
There are monsters nearby!
There are monsters nearby!
An orc wizard comes into view. It is wielding a +0 dagger.
The orc priest hits you with a +0 short sword.
Casting: Scorch (safe; 2% risk of failure)
Confirm with . or Enter, or press ? or * to list all spells.
Flames lash the orc priest.
The orc priest is moderately wounded.
The orc priest's fire resistance burns away.
The orc shouts! x2; The orc wizard shouts!
The orc priest invokes the aid of Beogh against you.
Beogh smites you!
Ouch! That really hurt!
Casting: Scorch (safe; 2% risk of failure)
Confirm with . or Enter, or press ? or * to list all spells.
Flames lash the orc.
You kill the orc!
The orc wizard casts a spell at you. The puff of flame hits you!
* * * LOW HITPOINT WARNING * * *
The orc priest hits you with a +0 short sword.
You die...

♣≈.♣♣ #.# #....
♣.≈♣♣####.#####...
♣♣≈P♣♣...........#
♣≈♣♣♣♣##.#####.o# ≈♣
♣♣.♣♣♣♣ ♣.# #o.# ≈♣
♣≈≈≈♣P♣≈♣.#####..# ≈≈≈
≈.≈.≈≈≈........).####.#
♣≈≈≈
♣≈≈≈♣≈♣♣♣......o......#
## ♣≈≈P≈ ♣♣†♣♣♣♣
♣#######@#########≈
≈≈≈≈≈ ♣♣.♣
#............≈♣≈P≈≈≈
♣.≈♣♣
#.####.######♣)≈≈PP♣
♣≈≈P♣ ##### #.#
#.)<.)...♣≈♣≈P≈
♣≈.≈♣##..≈####.#
##########♣♣ ≈
........≈≈≈♣...
##.#####.≈♣..###
#.#####≈♣≈....#####
#..(<.).≈...#.....#


You could see an orc priest (combustible), an orc wizard and an orc.

Vanquished Creatures
  A hound (D:4)
  Terence (D:3)
  3 adders
  4 worms
  3 dart slugs
  8 orcs
  5 endoplasms
  3 giant cockroaches
  5 goblins
  3 hobgoblins
  8 jackals
  4 quokkas
  6 ball pythons
  2 bats
  4 frilled lizards
  7 kobolds
  5 rats
72 creatures vanquished.

Vanquished Creatures (others)
  272 foxfires
  9 plants (D:4)
281 creatures vanquished.

Grand Total: 353 creatures vanquished

Notes
Turn   | Place    | Note
-------+----------+-------------------------------------------
     0 | D:1      | Zeld the Deep Elf Fire Elementalist began the quest for the
                  | Orb.
     0 | D:1      | Reached XP level 1. HP: 10/10 MP: 6/6
   465 | D:1      | Reached XP level 2. HP: 15/15 MP: 4/8
   588 | D:1      | Learned a level 2 spell: Scorch
  1515 | D:2      | Reached XP level 3. HP: 19/19 MP: 7/10
  1819 | D:2      | Found a sparkling altar of Nemelex Xobeh.
  2113 | D:3      | Noticed Terence
  2122 | D:3      | Killed Terence
  2123 | D:3      | Reached XP level 4. HP: 13/24 MP: 2/12
  2140 | D:2      | Learned a level 4 spell: Flame Wave
  2843 | D:3      | Identified the +4 war axe of Tenacity {antimagic, rC+}
  3393 | D:4      | Reached XP level 5. HP: 5/28 MP: 0/13
  4036 | D:4      | Slain by an orc priest

Illustrated notes

Levels and vault maps discovered:
D:1:      shiori_arrival_maze, layout_basic
D:2:      layout_rooms, basic_altar
D:3:      layout_rooms, serial_glass, glass_columns_a, glass_columns_a,
          uniq_terence
D:4:      layout_loops_ring, serial_bayou, serial_bayou_lake_a,
          serial_bayou_pond_e, serial_bayou_crossing, serial_bayou_pond_d

Skill      XL: |  1  2  3 |
---------------+----------+-----
Fire Magic     | 4 |  4.6
Dodging        | 3 |  3.2
Stealth        | 3 |  3.4
Spellcasting   | 4 |  4.7
Conjurations   | 2 |  2.3

Action                   |  1- 3 |  4- 6 || total
-------------------------+-------+-------++-------
Melee: Unarmed           |       |     1 ||     1
 Cast: Foxfire           |   111 |    48 ||   159
       Scorch            |     3 |    29 ||    32
Armor: Robe              |     3 |     5 ||     8
Dodge: Dodged            |     4 |    22 ||    26
